Map: [ESL] Site Delta

Players

SKillous - Winner!

  • Race: Protoss Protoss
  • League: Diamond
  • Spawn Location: 5:00

Kelazhur

  • Race: Terran Terran
  • Spawn Location: 11:00

Event: IEM Katowice 2024

VOD

Have the link to the VOD?

Description

Time

  • Played on: Feb. 9, 2024, 12:57 p.m.
  • Length: 12:57

All games in this series

Show
View Real Time Build Order
Export as new Build Order

SKillous Protoss - Winner!

Build Orders: 1 Gate Expand, Blink Stalkers, Dark Templar Rush 

Get SALT Encoding   

  12  0:00  Probe  
  13  0:12  Probe  
  14  0:17  Pylon  
  14  0:24  Probe  
  15  0:35  Gateway  
  15  0:36  Probe (Chrono Boost)  
  15  0:42  Assimilator  
  16  0:46  Probe (Chrono Boost)  
  17  0:52  Probe  
  18  1:04  Probe  
  19  1:16  Probe  
  20  1:22  Cybernetics Core  
  20  1:33  Nexus  
  20  1:39  Pylon  
  20  1:43  Probe  
  21  1:48  Assimilator  
  21  1:55  Probe  
  21  1:56  Adept (Chrono Boost)  
  24  2:02  Warp Gate  
  24  2:07  Probe  
  25  2:16  Adept (Chrono Boost)  
  25  2:20  Probe  
  28  2:25  Twilight Council  
  28  2:32  Probe  
  28  2:36  Pylon  
  29  2:43  Adept  
  31  2:44  Probe  
  31  2:46  Probe  
  33  2:56  Probe  
  33  2:58  Probe  
  35  3:02  Dark Shrine  
  35  3:19  Probe (Chrono Boost)  
  36  3:22  Probe (Chrono Boost)  
  36  3:24  Blink (Chrono Boost)  
  34  3:29  Gateway  
  34  3:32  Probe (Chrono Boost)  
  36  3:34  Probe (Chrono Boost)  
  36  3:37  Probe (Chrono Boost)  
  36  3:38  Gateway  
  37  3:44  Probe (Chrono Boost)  
  37  3:48  Probe (Chrono Boost)  
  40  3:59  Probe (Chrono Boost)  
  40  4:00  Probe (Chrono Boost)  
  41  4:04  Probe (Chrono Boost)  
  41  4:07  Probe  
  39  4:11  Stalker  
  39  4:14  Probe  
  40  4:19  Pylon, Probe  
  40  4:22  Stalker  
  43  4:26  Probe  
  45  4:31  Probe  
  45  4:33  Robotics Facility  
  45  4:35  Dark Templar  
  45  4:43  Nexus  
  45  4:45  Probe  
  45  4:52  Dark Templar  
  48  4:53  Probe  
  48  4:58  Probe  
  50  5:01  Pylon  
  50  5:05  Probe  
  50  5:06  Assimilator  
  51  5:10  Assimilator, Probe  
  51  5:12  Pylon  
  52  5:15  Stalker  
  52  5:17  Probe  
  57  5:31  Probe  
  56  5:36  Stalker x2  
  56  5:41  Dark Templar  
  60  5:46  Immortal  
  60  5:47  Shield Battery  
  60  5:48  Shield Battery  
  62  5:55  Probe  
  63  5:58  Probe  
  63  5:59  Stalker x2  
  68  6:07  Probe  
  68  6:10  Probe  
  68  6:11  Robotics Bay  
  68  6:19  Probe  
  68  6:20  Stalker  
  68  6:22  Stalker  
  68  6:24  Stalker  
  72  6:27  Probe  
  72  6:32  Probe (Chrono Boost)  
  68  6:35  Observer  
  66  6:42  Probe (Chrono Boost)  
  66  6:45  Probe (Chrono Boost), Stalker  
  70  6:47  Charge, Forge  
  70  6:49  Probe (Chrono Boost)  
  70  6:50  Gateway, Probe (Chrono Boost)  
  70  6:53  Probe (Chrono Boost)  
  72  6:55  Probe (Chrono Boost)  
  72  6:56  Probe  
  73  7:04  Probe  
  73  7:07  Probe  
  75  7:08  Probe  
  75  7:14  Dark Templar  
  78  7:16  Probe  
  78  7:18  Pylon  
  78  7:19  Probe  
  78  7:20  Probe, Colossus (Chrono Boost)  
  81  7:23  Pylon  
  81  7:28  Probe  
  88  7:30  Observer, Zealot  
  88  7:31  Zealot, Protoss Ground Weapons Level 1 (Chrono Boost)  
  88  7:33  Probe  
  93  7:38  Pylon  
  93  7:41  Assimilator  
  93  7:43  Pylon  
  93  7:44  Gateway  
  93  7:47  Shield Battery  
  93  7:48  Gateway  
  93  7:51  Probe  
  94  7:52  Sentry, Zealot  
  94  7:53  Probe  
  99  7:59  Stalker x2  
  99  8:02  Observer  
  99  8:03  Gateway  
  99  8:05  Pylon  
  104  8:08  Colossus (Chrono Boost)  
  104  8:10  Assimilator  
  109  8:19  Shield Battery  
  109  8:21  Pylon  
  109  8:22  Extended Thermal Lance  
  109  8:25  Zealot x2  
  113  8:32  Stalker  
  113  8:33  Probe  
  114  8:34  Photon Cannon  
  114  8:46  Pylon  
  114  8:49  Nexus  
  114  8:50  Colossus (Chrono Boost)  
  120  8:59  Probe  
  120  9:00  Observer  
  120  9:02  Templar Archives, Probe x2  
  123  9:09  Pylon  
  123  9:11  Probe  
  123  9:14  Probe  
  123  9:16  Stalker x5  
  134  9:19  Protoss Ground Weapons Level 2 (Chrono Boost)  
  134  9:25  Shield Battery  
  134  9:28  Shield Battery  
  134  9:30  Photon Cannon  
  132  9:31  Probe  
  132  9:36  Stalker  
  135  9:39  Stalker  
  135  9:42  Stalker  
  135  9:44  Pylon  
  139  9:47  Stargate  
  139  9:52  High Templar  
  141  9:59  Pylon  
  140  10:01  Pylon  
  140  10:02  Pylon  
  140  10:03  High Templar, Zealot  
  140  10:04  Zealot x2  
  148  10:08  Colossus  
  152  10:16  Archon  
  152  10:18  Zealot  
  152  10:19  Probe  
  153  10:24  Gateway  
  153  10:25  Sentry, Zealot x2, Gateway  
  157  10:30  Probe  
  156  10:36  Stalker x2  
  156  10:38  Stalker  
  148  10:47  Phoenix (Chrono Boost)  
  148  10:55  Stalker x3  
  154  11:00  Warp Prism (Chrono Boost)  
  158  11:05  Forge  
  158  11:08  Nexus  
  156  11:12  High Templar, Pylon  
  156  11:13  High Templar, Zealot  
  156  11:17  Assimilator  
  162  11:18  Archon  
  162  11:21  Assimilator  
  162  11:24  Pylon  
  162  11:28  High Templar x2, Zealot x3  
  162  11:32  Photon Cannon  
  172  11:35  Archon  
  171  11:40  Probe  
  171  11:41  Probe  
  173  11:50  Zealot  
  173  11:53  Gateway  
  175  11:57  Stalker x2  
  175  11:58  Gateway, Stalker  
  175  11:59  Observer (Chrono Boost), Gateway  
  175  12:01  Gateway, Stalker  
  182  12:04  Stalker  
  182  12:05  Zealot  
  182  12:21  Zealot x5  
  164  12:32  Zealot x3  
  132  12:42  Stalker x5  
Show
View Real Time Build Order
Export as new Build Order

Kelazhur Terran 

Build Orders:  

Get SALT Encoding   

  12  0:00  SCV  
  13  0:12  SCV  
  14  0:17  Supply Depot  
  14  0:24  SCV  
  15  0:39  Barracks, SCV  
  16  0:44  Refinery  
  16  0:51  SCV  
  16  0:52  Refinery  
  17  1:03  SCV  
  18  1:15  SCV  
  19  1:26  Barracks Reactor  
  19  1:27  Orbital Command  
  19  1:28  Supply Depot  
  19  1:41  Factory  
  19  1:52  SCV  
  20  2:02  Reaper x2  
  20  2:05  SCV  
  23  2:17  SCV  
  23  2:21  Command Center  
  24  2:28  Hellion  
  24  2:29  SCV  
  27  2:35  Supply Depot  
  27  2:41  SCV  
  28  2:46  Starport  
  28  2:51  Marine x2  
  28  2:54  SCV  
  31  3:00  Widow Mine  
  33  3:06  SCV  
  33  3:09  Marine x2  
  36  3:18  SCV  
  37  3:23  Widow Mine, Medivac  
  38  3:27  Marine  
  38  3:30  Marine  
  38  3:33  SCV  
  40  3:37  Orbital Command  
  40  3:42  Barracks  
  40  3:46  Factory Tech Lab, Marine  
  40  3:48  Marine  
  42  3:59  SCV  
  43  4:04  Marine  
  43  4:06  SCV  
  42  4:10  Starport Tech Lab  
  42  4:12  SCV  
  42  4:14  Marine  
  42  4:15  Siege Tank  
  47  4:19  Supply Depot  
  47  4:20  SCV  
  48  4:25  SCV  
  48  4:26  Marine  
  50  4:32  Marine, SCV  
  50  4:37  SCV  
  53  4:43  Stimpack, Marauder  
  53  4:44  SCV  
  56  4:47  Siege Tank  
  56  4:49  SCV  
  56  4:51  Supply Depot  
  56  4:52  Medivac  
  62  5:04  Supply Depot  
  62  5:05  Engineering Bay  
  62  5:12  Marine x2  
  62  5:13  Marauder, SCV x2  
  68  5:19  Supply Depot  
  68  5:25  SCV x2  
  68  5:26  Siege Tank  
  73  5:31  Missile Turret  
  73  5:32  Missile Turret, Marine  
  74  5:37  SCV  
  74  5:41  SCV  
  74  5:42  Liberator  
  79  5:43  Marine  
  77  5:51  SCV  
  77  5:52  Marine x2  
  77  5:55  SCV  
  81  6:00  Supply Depot  
  80  6:12  Marauder, Marine  
  80  6:13  SCV  
  82  6:20  SCV  
  82  6:23  Marine  
  82  6:25  SCV  
  83  6:28  Starport Reactor  
  83  6:31  Command Center  
  77  6:34  Marauder  
  77  6:36  SCV  
  77  6:39  Marine  
  78  6:40  Combat Shield  
  78  6:43  SCV  
  78  6:45  Barracks  
  78  6:46  Barracks  
  79  6:48  SCV  
  79  6:49  Factory Reactor  
  79  6:54  Marine  
  80  6:55  SCV, Marauder  
  80  6:56  Marine  
  80  6:58  Refinery  
  80  7:00  SCV  
  80  7:01  Refinery  
  84  7:02  Terran Infantry Weapons Level 1  
  84  7:07  SCV  
  80  7:11  Barracks  
  80  7:14  SCV  
  81  7:16  Marauder, Marine x2  
  81  7:18  Medivac  
  81  7:20  Medivac  
  89  7:23  SCV  
  90  7:30  SCV  
  90  7:34  Marine, Marauder  
  90  7:35  Factory Reactor  
  94  7:42  Marine  
  94  7:43  Marauder, Marine x2, SCV  
  94  7:44  Orbital Command  
  100  7:45  SCV  
  101  7:54  Supply Depot  
  101  7:55  SCV  
  101  7:57  SCV  
  101  7:58  Marauder  
  105  8:00  Barracks Tech Lab  
  105  8:04  Marauder, Supply Depot, Missile Turret  
  107  8:06  Missile Turret  
  107  8:07  Marine x2, SCV  
  107  8:11  Orbital Command  
  109  8:16  Medivac x2, Marine x2, SCV  
  109  8:19  SCV  
  117  8:25  Missile Turret  
  117  8:26  Supply Depot, Marauder x2  
  121  8:27  Armory  
  121  8:30  Marine  
  121  8:31  Marauder, Marine  
  121  8:34  Marine  
  125  8:47  Marine  
  125  8:48  Marauder, Widow Mine x2, SCV  
  133  8:55  Supply Depot  
  133  8:56  Supply Depot  
  133  8:57  SCV, Marine x2  
  133  8:58  Marauder  
  133  9:00  Concussive Shells  
  133  9:02  Marauder  
  140  9:05  Supply Depot, SCV  
  140  9:06  Terran Infantry Armor Level 1  
  141  9:16  Viking, SCV, Marine x2  
  146  9:21  Marauder, Marine x2  
  148  9:26  Viking  
  148  9:27  Marauder  
  148  9:30  Marauder  
  154  9:34  Marine  
  154  9:35  Refinery x2  
  154  9:39  Engineering Bay  
  154  9:42  Bunker  
  154  9:44  Marine  
  154  9:45  Marauder  
  157  9:48  Ghost Academy  
  157  9:51  Marine  
  157  9:52  Viking, Supply Depot  
  160  10:02  Viking  
  162  10:09  Marine  
  162  10:10  Marauder  
  162  10:14  Marauder x2, Marine x3  
  165  10:18  SCV x3  
  165  10:29  Viking  
  165  10:31  Marauder  
  165  10:32  Viking  
  165  10:35  Ghost x2  
  143  10:51  Ghost  
  143  10:52  Marine x3  
  143  10:57  Command Center, Marine  
  144  10:59  Widow Mine x2  
  144  11:02  Medivac  
  144  11:04  Marine x2  
  141  11:05  Medivac  
  141  11:10  Marine  
  146  11:18  Marine  
  146  11:21  Marauder  
  146  11:22  Marauder  
  151  11:26  Marauder, Marine x2  
  151  11:29  Widow Mine x2  
  151  11:31  Marine  
  150  11:37  Marine  
  150  11:38  Medivac x2  
  155  11:42  Marauder  
  155  11:43  Marauder  
  155  11:44  Marine  
  155  11:45  Marine  
  161  11:47  Marine  
  161  11:49  Marine  
  163  11:55  Marine  
  164  12:02  Marine  
  164  12:04  Marine, Marauder  
  164  12:05  Marauder  
  164  12:06  Marine, Marauder  
  164  12:08  Viking x2  
  171  12:16  Marine  
  171  12:19  Marine  
  171  12:22  Marine  
  168  12:25  Marauder  
  168  12:26  Marauder  
  168  12:27  Marauder  
  168  12:29  Marine  
  153  12:35  Marine  
  118  12:37  Marine  
  104  12:54  Barracks  
  104  12:55  Barracks x2  

Tags
 
Add a new tag
Caveats
  • Supply blocks, unpowered buildings, or Contaminate may cause inaccurate times.
  • Supply counts are checked every 10 seconds.